 Dungeon Crawl Stone Soup version 0.28-a0-1206-g193881aaa2 (webtiles) character file.

Game seed: 15458307996395194670

613 blank1 the Chopper (level 7, -3/62 HPs)
             Began as a Hill Orc Fighter on Dec 20, 2021.
             Was an Initiate of Okawaru.
             Succumbed to a water moccasin's poison
             ... on level 5 of the Dungeon.
             The game lasted 00:06:17 (5599 turns).

blank1 the Chopper (Hill Orc Fighter)               Turns: 5599, Time: 00:06:17

Health: -3/62      AC: 13    Str: 21    XL:     7   Next: 44%
Magic:  7/7        EV:  6    Int:  8    God:    Okawaru [......]
Gold:   162        SH:  4    Dex: 10    Spells: 6/6 levels left

rFire   . . .      SeeInvis .   a - +0 war axe
rCold   . . .      Faith    .   c - +0 buckler
rNeg    . . .      Spirit   .   k - +0 plate armour
rPois   .          Reflect  .   (no helmet)
rElec   .          Harm     .   (no cloak)
rCorr   .          Rampage  .   (no gloves)
Will    .....                   g - +0 pair of boots
Stlth   ..........              (no amulet)
HPRegen 0.20/turn               (no ring)
MPRegen 0.10/turn               (no ring)

@: lethally poisoned (-3 -> -16)
A: no striking features
a: Renounce Religion


You were on level 5 of the Dungeon.
You worshipped Okawaru.
Okawaru was noncommittal.
You visited 2 branches of the dungeon, and saw 6 of its levels.

You collected 162 gold pieces.

Inventory:

Hand Weapons
 a - a +0 war axe (weapon)
Armour
 c - a +0 buckler (worn)
 g - a +0 pair of boots (worn)
 k - a +0 plate armour (worn)
Wands
 l - a wand of flame (16)
Scrolls
 f - a scroll of acquirement {unknown}
 h - 2 scrolls of teleportation
 i - a scroll of magic mapping {unknown}
 j - a scroll of amnesia
 o - 2 scrolls of noise {unknown}
 p - a scroll of silence
 q - 2 scrolls of identify
Potions
 b - 5 potions of curing {unknown}
 d - a potion of might
 e - a potion of resistance
 m - a potion of degeneration {unknown}
 n - a potion of flight {unknown}
 r - a potion of mutation {unknown}


   Skills:
 + Level 5.8 Fighting
 + Level 6.8 Axes
 + Level 4.8 Armour
 - Level 2.0 Dodging
 - Level 4.0 Shields
 + Level 0.4 Invocations


You had 6 spell levels left.
You didn't know any spells.
Your spell library was empty.

Dungeon Overview and Level Annotations

Branches:
Dungeon (5/15)             Temple (1/1) D:4

Altars:
Hepliaklqana
Okawaru
Qazlal
Xom
Yredelemnul
Zin


Message History

The water moccasin bites you but does no damage.
Unknown command.
You miss the water moccasin.
The water moccasin is severely wounded.
You feel very sick.
The water moccasin bites you but does no damage.
The water moccasin bites you.
You closely miss the water moccasin.
The water moccasin is severely wounded.
You feel very sick. You block the water moccasin's attack.
You closely miss the water moccasin.
The water moccasin is severely wounded.
You feel very sick. The water moccasin barely misses you.
The water moccasin bites you.
* * * LOW HITPOINT WARNING * * *
You are lethally poisoned!
The water moccasin poisons you!
You barely miss the water moccasin.
The water moccasin is severely wounded.
* * * LOW HITPOINT WARNING * * *
You feel extremely sick. The water moccasin bites you.
* * * LOW HITPOINT WARNING * * *
Unknown command.
You hit the water moccasin.
The water moccasin is almost dead.
* * * LOW HITPOINT WARNING * * *
You feel very sick.
The water moccasin bites you but does no damage. x2
You miss the water moccasin.
The water moccasin is almost dead.
* * * LOW HITPOINT WARNING * * *
You feel very sick.
The water moccasin bites you but does no damage.
You block the water moccasin's attack.
Unknown command.
You hit the water moccasin.
The water moccasin is almost dead.
You die...

......# ..... ########
..... #......# ....
#.###.## #..# #.# #.#
#..# #.# #.# #
#.S#####.# #>#
#...#.@#.....# #.#
#............# #.######
+............# #.......
#............##########
#............##<.....##
#............#######.##
#............# #.....#
#............# #.#####
#............# #.# #


You could see a water moccasin.

Vanquished Creatures
  Menkaure (D:4)
  A scorpion (D:4)
  A howler monkey (D:4)
  A bullfrog skeleton (D:4)
  2 iguanas
  An orc wizard (D:3)
  Natasha (thrice) (D:2)
  13 adders
  3 worms
  2 dart slugs
  13 orcs
  9 endoplasms
  A giant cockroach (D:2)
  6 goblins
  4 hobgoblins
  4 quokkas
  9 ball pythons
  5 bats
  3 frilled lizards
  A kobold (D:4)
  3 rats
86 creatures vanquished.

Vanquished Creatures (others)
  2 plants (D:5)
2 creatures vanquished.

Grand Total: 88 creatures vanquished

Notes
Turn   | Place    | Note
-------+----------+-------------------------------------------
     0 | D:1      | blank1 the Hill Orc Fighter began the quest for the Orb.
     0 | D:1      | Reached XP level 1. HP: 19/19 MP: 1/1
   445 | D:1      | Reached XP level 2. HP: 21/27 MP: 2/2
  1236 | D:2      | Reached skill level 3 in Axes
  1240 | D:2      | Noticed Natasha
  1254 | D:1      | Reached XP level 3. HP: 10/33 MP: 3/3
  1471 | D:2      | Killed Natasha
  1692 | D:2      | Noticed Natasha
  1694 | D:2      | Reached skill level 1 in Dodging
  1694 | D:2      | Reached XP level 4. HP: 23/40 MP: 4/4
  1940 | D:2      | Killed Natasha
  2127 | D:2      | Noticed Natasha
  2138 | D:2      | Killed Natasha
  2139 | D:2      | Reached XP level 5. HP: 40/47 MP: 5/5
  2907 | D:3      | Reached skill level 4 in Axes
  3013 | D:3      | Found a hazy altar of Hepliaklqana.
  3136 | D:3      | Reached skill level 5 in Fighting
  3706 | D:3      | Reached XP level 6. HP: 56/56 MP: 6/6
  3713 | D:3      | Upgraded the game from 0.28-a0-1199-gef9e1dbd39 to
                  | 0.28-a0-1206-g193881aaa2
  3744 | D:3      | Reached skill level 5 in Axes
  4347 | D:4      | Reached skill level 6 in Axes
  4662 | D:4      | Noticed Menkaure
  4668 | D:4      | Killed Menkaure
  4669 | D:4      | Reached XP level 7. HP: 32/61 MP: 7/7
  4846 | D:4      | Found a stormy altar of Qazlal.
  5256 | D:4      | Found a staircase to the Ecumenical Temple.
  5269 | Temple   | Entered the Ecumenical Temple
  5366 | Temple   | Became a worshipper of Warmaster Okawaru
  5498 | D:5      | Entered Level 5 of the Dungeon
  5598 | D:5      | HP: 1/62 [poisoned by a water moccasin]
  5599 | D:5      | Succumbed to a water moccasin's poison

Illustrated notes

Levels and vault maps discovered:
D:1:      shiori_arrival_oz, layout_basic
D:2:      layout_loops_cross, uniq_natasha
D:3:      layout_basic, mainiacjoe_overflow_catwalk, minmay_snake_closets
D:4:      layout_rooms, mainiacjoe_overflow_concentric_impassable,
          minmay_temple_entry_purple_smoke, serial_park_tiny_pond,
          moated_statue, nicolae_concentric_dashed_squares_mild, uniq_menkaure
D:5:      layout_basic, serial_bayou_lagoon_a
Temple:   minmay_temple_curvy_loop

Skill      XL: |  1  2  3  4  5  6 |
---------------+-------------------+-----
Axes           | 3 4 6 |  6.8
Fighting       | 4 5 |  5.8
Dodging        | 1 2 |  2.0
Armour         | 4 |  4.8
Shields        | 4 |  4.0
Invocations    | |  0.4

Action                   |  1- 3 |  4- 6 |  7- 9 || total
-------------------------+-------+-------+-------++-------
Melee: War axe           |    62 |   194 |    60 ||   316
  Use: Scroll            |       |     5 |       ||     5
       Potion            |       |     1 |       ||     1
Armor: Scale mail        |    16 |       |       ||    16
       Plate armour      |    22 |   119 |    26 ||   167
Dodge: Dodged            |    13 |    51 |    12 ||    76
Block: Buckler           |    19 |    37 |    12 ||    68

Table legend: (Time is in decaauts)
 A = Elapsed time spent in this place.
 B = Non-inter-level travel time spent in this place.
 C = Inter-level travel time spent in this place.
 D = Time resting spent in this place.
 E = Time spent auto-exploring this place.
 F = Levels seen in this place.
 G = Mean time per level.
                   A        B        C        D        E       F      G
               +--------+--------+--------+--------+--------+-----+--------+
         Total |   5693 |   5406 |    287 |    933 |   3656 |   6 |  948.8 |
       Dungeon |   5550 |   5307 |    243 |    933 |   3568 |   5 | 1110.0 |
        Temple |    142 |     98 |     44 |      0 |     88 |   1 |  142.0 |
               +--------+--------+--------+--------+--------+-----+--------+

Top non-repeatable levels by time:
     D:3: 1946 daAuts
     D:1: 1799 daAuts
     D:4: 887 daAuts
     D:2: 813 daAuts
  Temple: 142 daAuts
     D:5: 103 daAuts
